 Dungeon Crawl Stone Soup version 0.28.0-45-g0d030f2227 (webtiles) character file.

Game seed: 12195086297560429071

42 McKennaii the Shield-Bearer (level 3, -11/31 HPs)
             Began as a Demigod Fighter on Apr 18, 2022.
             Mangled by an ogre
             ... wielding a +0 giant spiked club
              (22 damage)
             ... on level 2 of the Dungeon.
             The game lasted 00:00:52 (1468 turns).

McKennaii the Shield-Bearer (Demigod Fighter)       Turns: 1468, Time: 00:00:52

Health: -11/31     AC:  6    Str: 21    XL:     3   Next: 17%
Magic:  5/5        EV:  9    Int: 10    God:
Gold:   21         SH:  4    Dex: 13    Spells: 2/2 levels left

rFire   . . .      SeeInvis .   a - +0 trident
rCold   . . .      Faith    .   c - +0 buckler
rNeg    . . .      Spirit   .   b - +0 scale mail
rPois   .          Reflect  .   (no helmet)
rElec   .          Harm     .   (no cloak)
rCorr   .          Rampage  .   (no gloves)
Will    .....                   (no boots)
Stlth   ..........              (no amulet)
HPRegen 0.10/turn               (no ring)
MPRegen 0.09/turn               (no ring)

@: no status effects
A: high MP 1, forlorn, divine attributes
a: no special abilities


You were on level 2 of the Dungeon.
You visited 1 branch of the dungeon, and saw 2 of its levels.

You collected 21 gold pieces.

Inventory:

Hand Weapons
 a - a +0 trident (weapon)
Armour
 b - a +0 scale mail (worn)
 c - a +0 buckler (worn)
Jewellery
 e - a +4 ring of slaying
 k - a ring of see invisible
Scrolls
 i - 2 scrolls of identify {unknown}
 j - a scroll of fog {unknown}
Potions
 d - 2 potions of might
 g - a potion of magic {unknown}
 h - a potion of ambrosia {unknown}


   Skills:
 + Level 3.0 Fighting
 + Level 2.3 Polearms
 + Level 3.0 Armour
 + Level 3.1 Shields


You had 2 spell levels left.
You didn't know any spells.
Your spell library was empty.

Dungeon Overview and Level Annotations

Branches:
Dungeon (2/15)


Innate Abilities, Weirdness & Mutations

You have an increased reservoir of magic. (+10% MP)
You shall have no god before yourself.
Your divine heritage dramatically boosts your attributes as you level up.


Message History

The bat is heavily wounded.
The bat closely misses you.
A bat is nearby!
The bat barely misses you.
A bat is nearby!
You reach to attack!
You closely miss the bat. The bat hits you but does no damage.
A bat is nearby!
Found 7 gold pieces.
You block the bat's attack.
A bat is nearby!
You hit the bat.
You kill the bat!
An ogre comes into view. It is wielding a +0 giant spiked club.
Found an amethyst potion.
You see here a bat corpse.
An ogre is nearby!
An ogre is nearby!
An ogre is nearby!
You puncture the ogre!
The ogre is moderately wounded.
The ogre hits you with a +0 giant spiked club!!
Ouch! That really hurt!
* * * LOW HITPOINT WARNING * * *
You are too injured to fight recklessly!
You are too injured to fight recklessly!
Unknown command.
You see here a bat corpse.
It was a potion of curing.
You feel better. You block the ogre's attack.
Unknown command.
You hit the ogre.
The ogre is heavily wounded.
The ogre closely misses you.
You puncture the ogre!
The ogre is severely wounded.
The ogre barely misses you.
You barely miss the ogre.
The ogre is severely wounded.
The ogre hits you with a +0 giant spiked club!!
Ouch! That really hurt!
You die...

.............##
..............#
..............#
...$..........#
..............#
...........)..#
..............#
.........O..)##
♣.
.....!#...@..##
..
#####...####..#
.# #...## ##.##
.# #8...8 #..#
.# #######...#
##.##
#####....##...#
#..#
##....#####...##
##.## ...####
#8...8# #..#
##.###
####...####
###.#


You could see an ogre.

Vanquished Creatures
  2 dart slugs
  9 endoplasms
  3 giant cockroaches (D:1)
  3 hobgoblins
  3 ball pythons (D:1)
  2 bats
  2 frilled lizards (D:1)
  5 goblins (D:1)
  2 kobolds (D:1)
  3 rats (D:1)
34 creatures vanquished.

Vanquished Creatures (others)
  6 plants (D:2)
6 creatures vanquished.

Grand Total: 40 creatures vanquished

Notes
Turn   | Place    | Note
-------+----------+-------------------------------------------
     0 | D:1      | McKennaii the Demigod Fighter began the quest for the Orb.
     0 | D:1      | Reached XP level 1. HP: 18/18 MP: 3/3
   308 | D:1      | Reached XP level 2. HP: 25/25 MP: 4/4
  1050 | D:1      | Reached XP level 3. HP: 27/31 MP: 5/5
  1457 | D:2      | Noticed an ogre
  1468 | D:2      | Mangled by an ogre

Illustrated notes

Levels and vault maps discovered:
D:1:      nzn_arrival_water_spiral, layout_loops_corners
D:2:      layout_rooms, serial_corexii_hall, chequers_hall_statues_corner_a,
          chequers_hall_statues_corner_a, corexii_hall_statues_t,
          chequers_hall_statues_y, corexii_hall_statues_t,
          chequers_hall_statues_wall_a, dilly_ecumenical_altar_fadedgnrine

Skill      XL: |  1  2 |
---------------+-------+-----
Polearms       | 2 |  2.3
Shields        | 3 |  3.1
Armour         | 3 |  3.0
Fighting       | 3 |  3.0

Action                   || total
-------------------------++-------
Melee: Trident           ||   113
  Use: Potion            ||     1
Armor: Scale mail        ||    24
Dodge: Dodged            ||    27
Block: Buckler           ||    19
